 Dungeon Crawl Stone Soup version 0.21-a0-125-gb006224 (webtiles) character file.

144 4thArraOfDagon the Cutter (level 5, -3/35 HPs)
             Began as a Mummy Enchanter on July 14, 2017.
             Slain by a centaur (9 damage)
             ... on level 4 of the Dungeon.
             The game lasted 00:06:30 (2268 turns).

4thArraOfDagon the Cutter (Mummy Enchanter)         Turns: 2268, Time: 00:06:30

Health: -3/35      AC:  2    Str: 12    XL:     5   Next: 5%
Magic:  1/9        EV: 12    Int: 15    God:
Gold:   57         SH:  0    Dex: 12    Spells: 3/9 levels left

rFire    x . .     SeeInvis .   a - +1 dagger
rCold    + . .     Gourm    .   (no shield)
rNeg     + + +     Faith    .   b - +0 robe
rPois    ∞         Spirit   .   (no helmet)
rElec    .         Reflect  .   (no cloak)
rCorr    .         Harm     .   (no gloves)
MR       .....                  (no boots)
Stlth    ++........             (no amulet)
HPRegen  0.11/turn              (no ring)
MPRegen  0.11/turn              (no ring)

@: no status effects
A: no food or potions, fire vulnerability, cold resistance 1, negative energy
resistance 3, torment resistance, unbreathing
a: no special abilities


You were on level 4 of the Dungeon.
You were not hungry.

You visited 1 branch of the dungeon, and saw 4 of its levels.

You collected 57 gold pieces.

Inventory:

Hand Weapons
 a - a +1 dagger (weapon)
 g - a +0 war axe of chopping
Armour
 b - a +0 robe (worn)
 h - a +0 ring mail
Jewellery
 f - an uncursed ring of loudness
Scrolls
 e - a scroll of teleportation
 i - 2 scrolls of remove curse
Books
 c - a book of Maledictions

   Spells                             Type                      Level
   a - Corona                         Hexes                        1
   b - Ensorcelled Hibernation        Hexes/Ice                    2
   c - Confuse                        Hexes                        3
   d - Tukima's Dance                 Hexes                        3
   e - Dazzling Spray                 Conjuration/Hexes            3


   Skills:
 * Level 3.6 Short Blades
 - Level 1.5 Dodging
 - Level 2.4 Stealth
 - Level 2.6 Spellcasting
 * Level 3.3 Hexes


You had 3 spell levels left.
You knew the following spells:

 Your Spells              Type           Power        Failure   Level  Hunger
a - Corona                Hex            ##.....      5%          1    N/A
b - Ensorcelled Hibernat  Hex/Ice        #.....       16%         2    N/A
c - Confuse               Hex            ##......     16%         3    N/A

Dungeon Overview and Level Annotations

Branches:
Dungeon (4/15)
 Temple: D:4-7

Altars:
Makhleb

Annotations:
D:2 1 exclusion


Innate Abilities, Weirdness & Mutations

You do not eat or drink.
Your flesh is vulnerable to fire.
You are immune to poison.
Your flesh is cold resistant. (rC+)
You are immune to negative energy. (rN+++)
You are immune to unholy pain and torment.
You can survive without breathing.


Message History

Casting: Ensorcelled Hibernation
Confirm with . or Enter, or press ? or * to list all spells.
Aiming: Ensorcelled Hibernation
Press: ? - help, Shift-Dir - straight line, f/p - centaur
Aim: a centaur (lightly wounded, chance to defeat MR: 37%)
The centaur easily resists.
The centaur hits you but does no damage.
Unknown command.
Unknown command.
Unknown command.
Unknown command.
You can't drink.
Unknown command.
As you read the scroll labeled DERAMI KEAPOELAI, it crumbles to dust.
It is a scroll of identify.
e - a scroll of teleportation The centaur hits you.
* * * LOW HITPOINT WARNING * * *
The centaur hits you!
You die...

#### ... ...# #.#
##.###### #.###
........# #...
.#.####.# #..# .#<#
#.# #..#
.######.###.?#
.#........(..######
.#.####.####....@c#
.# #.# ######## .#
#.# .# #.# .# #.#
## ... ##


You could see a centaur.

Vanquished Creatures
  An orc priest (D:3)
  An orc wizard (D:3)
  3 adders
  An ooze (D:3)
  2 worms
  6 orcs
  A ball python (D:3)
  5 bats
  2 giant cockroaches
  2 hobgoblins
  9 jackals
  2 quokkas (D:3)
  4 frilled lizards (D:2)
  3 goblins (D:2)
  A kobold (D:3)
  A rat (D:2)
44 creatures vanquished.

Notes
Turn   | Place    | Note
-------+----------+-------------------------------------------
     0 | D:1      | 4thArraOfDagon the Mummy Enchanter began the quest for the Orb.
     0 | D:1      | Reached XP level 1. HP: 13/13 MP: 4/4
    18 | D:1      | Reached skill level 1 in Short Blades
   343 | D:2      | Reached XP level 2. HP: 19/19 MP: 3/5
   347 | D:2      | Learned a level 2 spell: Ensorcelled Hibernation
   739 | D:2      | Reached XP level 3. HP: 21/24 MP: 7/7
   790 | D:2      | Learned a level 3 spell: Confuse
   823 | D:3      | Reached XP level 4. HP: 15/30 MP: 5/8
  1797 | D:3      | Found a burning altar of Makhleb.
  1933 | D:3      | Reached XP level 5. HP: 17/35 MP: 0/9
  2250 | D:4      | Noticed a centaur
  2268 | D:4      | Slain by a centaur

Vault maps used:
D:1:      zaba_arrival_water
D:2:      serial_curves, eino_curves_01, eino_curves_01, minivault_14
D:3:      cheibrodos_pilgrimage, bloody_makhleb, minmay_misc_feat_encased,
          kennysheep_potato
D:4:      chequers_temple_overflow_minitemple, first_bread

Skill      XL: |  1  2  3  4 |
---------------+-------------+-----
Short Blades   | 1 2 3 |  3.6
Hexes          | 3 |  3.3
Dodging        | |  1.5
Stealth        | |  2.4
Spellcasting   | |  2.6

Action                   |  1- 3 |  4- 6 || total
-------------------------+-------+-------++-------
Melee: Dagger            |    60 |    68 ||   128
 Cast: Corona            |     9 |       ||     9
       Ensorcelled Hiber |     7 |    35 ||    42
       Confuse           |       |     2 ||     2
  Use: Scroll            |     1 |     1 ||     2
 Stab: Sleeping          |     6 |    15 ||    21
Armor: Robe              |    12 |    18 ||    30
Dodge: Dodged            |    42 |    68 ||   110
